 Dungeon Crawl Stone Soup version 0.29-a0-284-gf9362112df (webtiles) character file.

Game seed: 591194606972182924

658 bande the Chopper (level 7, -1/44 HPs)
             Began as a Gargoyle Fighter on Mar 30, 2022.
             Slain by Duvessa
             ... wielding a +0 rapier
              (10 damage)
             ... on level 4 of the Dungeon.
             The game lasted 00:06:17 (4281 turns).

bande the Chopper (Gargoyle Fighter)                Turns: 4281, Time: 00:06:18

Health: -1/44      AC: 17    Str: 19    XL:     7   Next: 55%
Magic:  7/7        EV:  9    Int:  9    God:
Gold:   177        SH:  4    Dex: 11    Spells: 6/6 levels left

rFire   . . .      SeeInvis .   a - +1 war axe (venom)
rCold   . . .      Faith    .   c - +0 buckler
rNeg    + . .      Spirit   .   b - +0 scale mail
rPois   ∞          Reflect  .   h - +2 helmet
rElec   +          Harm     .   m - +0 cloak
rCorr   .          Rampage  .   (no gloves)
Will    .....                   e - +0 pair of boots
Stlth   ..........              (no amulet)
HPRegen 0.14/turn               (no ring)
MPRegen 0.10/turn               (no ring)

@: lit by a corona, glowing
A: sickness immunity, AC +4, negative energy resistance 1, electricity
resistance, torment resistance 1, petrification resistance
a: no special abilities


You were on level 4 of the Dungeon.
You visited 1 branch of the dungeon, and saw 4 of its levels.

You collected 177 gold pieces.

Inventory:

Hand Weapons
 a - a +1 war axe of venom (weapon)
 l - a +0 flail
Missiles
 j - 2 throwing nets (quivered)
Armour
 b - a +0 scale mail (worn)
 c - a +0 buckler (worn)
 e - a +0 pair of boots (worn)
 h - a +2 helmet (worn)
 m - a +0 cloak (worn)
Jewellery
 g - an amulet of the acrobat
Wands
 n - a wand of flame (12)
Scrolls
 k - a scroll of identify
 p - 2 scrolls of enchant armour {unknown}
 q - a scroll of amnesia
Potions
 d - a potion of might
 f - 3 potions of brilliance
 i - 2 potions of flight


   Skills:
 + Level 4.7 Fighting
 + Level 5.6 Axes
 + Level 5.1 Armour
 + Level 4.2 Shields


You had 6 spell levels left.
You didn't know any spells.
Your spell library contained the following spells:

 Spells                   Type           Power      Damage    Failure   Level
 Foxfire                  Conj/Fire      0%         2x1d4     83%         1
 Conjure Flame            Conj/Fire      0%         6-21      99%         3
 Inner Flame              Hex/Fire       0%         N/A       99%         3
 Flame Wave               Conj/Fire      0%         2d4       100%        4
 Conjure Ball Lightning   Conj/Air       0%         3x3d6     100%        6
 Discord                  Hex            0%         N/A       100%        8
 Disjunction              Tloc           0%         N/A       100%        8


Dungeon Overview and Level Annotations

Branches:
Dungeon (4/15)
 Temple: D:4-7

Altars:
Fedhas
Zin

Annotations:
D:4 Duvessa


Innate Abilities, Weirdness & Mutations

You are immune to sickness and miasma.
Your stone body is resilient. (AC +4)
You are immune to poison.
You resist negative energy. (rN+)
You are resistant to electric shocks. (rElec)
You are resistant to unholy torment.
You are immune to petrification.


Message History

Duvessa is moderately wounded.
You hit Dowan but do no damage.
Dowan is poisoned.
Duvessa hits you but does no damage. You block Dowan's attack.
Duvessa hits you with a +0 rapier! Dowan barely misses you.
You barely miss Duvessa.
Duvessa is lightly wounded.
You slash Dowan!
Dowan looks as sick as possible!
Duvessa barely misses you. Duvessa hits you with a +0 rapier.
* * * LOW HITPOINT WARNING * * *
Dowan hits you with a +0 dagger.
* * * LOW HITPOINT WARNING * * *
You feel much better. Duvessa hits you with a +0 rapier.
Dowan hits you but does no damage.
An orc comes into view. It is wielding a +0 dagger.
Duvessa barely misses you.
The orc shouts!
You slash Duvessa!
Duvessa is heavily wounded.
You closely miss Dowan. Duvessa hits you with a +0 rapier!
Dowan gestures at you while chanting. The puff of flame hits you!
You hit Duvessa but do no damage.
Duvessa is severely wounded.
You miss Dowan. You block Duvessa's attack. Dowan hits you with a +0 dagger.
Duvessa closely misses you.
You hit Duvessa.
Duvessa looks as sick as possible!
Duvessa is severely wounded.
You closely miss Dowan. Duvessa hits you but does no damage.
Dowan points at you and mumbles some strange words.
The puff of frost hits you.
* * * LOW HITPOINT WARNING * * *
Duvessa says, "When magic and the sword combine, nothing stands against them."
Duvessa closely misses you.
You hit Duvessa.
Duvessa looks as sick as possible!
Duvessa is almost dead.
You slash Dowan!
You kill Dowan!
Duvessa screams, "No!
How DARE you!"
Duvessa goes berserk!
Duvessa hits you with a +0 rapier!
You die...

#. #... #..#
#J.## #.oo#
#..o## #..#5#
#..#e## #†..#@#
#.#.)#)#
#.##.##..#
#.###...#.. # #.#
..##.############
#.#
.###.............
#.#
#.......)#######
#.#
#...............
#.#
#........#######


You could see Duvessa (berserk, fast, extremely poisoned), a jelly, 3 orcs and
an ufetubus.

Vanquished Creatures
  Sigmund (D:4)
  Eustachio (D:3)
  A necrophage (D:3)
  Dowan (D:4)
  An orc priest (D:3)
  A gnoll shaman (D:4)
  A hound (D:4)
  Crazy Yiuf (D:3)
  Jessica (D:3)
  Ijyb (D:4)
  Robin (D:3)
  3 adders
  3 worms
  2 dart slugs
  7 orcs
  7 ball pythons
  7 bats
  7 endoplasms
  3 giant cockroaches
  11 goblins
  8 hobgoblins
  A frilled lizard (D:1)
  9 kobolds
  3 rats
82 creatures vanquished.

Notes
Turn   | Place    | Note
-------+----------+-------------------------------------------
     0 | D:1      | bande the Gargoyle Fighter began the quest for the Orb.
     0 | D:1      | Reached XP level 1. HP: 14/14 MP: 1/1
   157 | D:1      | Reached XP level 2. HP: 18/19 MP: 2/2
   362 | D:1      | Reached XP level 3. HP: 19/24 MP: 3/3
  1616 | D:2      | Reached XP level 4. HP: 26/29 MP: 4/4
  1705 | D:2      | Found a faded altar of an unknown god.
  1934 | D:3      | Noticed a necrophage
  1948 | D:3      | Killed a necrophage
  1949 | D:3      | Reached XP level 5. HP: 24/33 MP: 5/5
  2418 | D:3      | Found a blossoming altar of Fedhas.
  2590 | D:3      | Noticed Robin
  2604 | D:3      | Killed Robin
  2772 | D:3      | Found a runed translucent door.
  2773 | D:3      | Noticed Crazy Yiuf
  2872 | D:3      | Found a glowing silver altar of Zin.
  2873 | D:3      | Noticed Jessica
  2876 | D:3      | Killed Jessica
  2877 | D:3      | Reached XP level 6. HP: 33/38 MP: 6/6
  3085 | D:3      | Killed Crazy Yiuf
  3338 | D:4      | Noticed Ijyb
  3342 | D:4      | Noticed Eustachio
  3344 | D:4      | Killed Ijyb
  3371 | D:3      | Killed Eustachio
  3790 | D:4      | Reached XP level 7. HP: 44/44 MP: 7/7
  3868 | D:4      | Reached skill level 5 in Axes
  4054 | D:4      | Noticed Sigmund
  4064 | D:4      | Killed Sigmund
  4065 | D:4      | Reached skill level 5 in Armour
  4263 | D:4      | Noticed Dowan
  4263 | D:4      | Noticed Duvessa
  4281 | D:4      | Killed Dowan
  4281 | D:4      | Slain by Duvessa

Illustrated notes

Levels and vault maps discovered:
D:1:      saegor_arrival_simple_a, layout_basic
D:2:      kennysheep_big_flooded_room, layout_loops_ring,
          ebering_ecumenical_altar_abandoned
D:3:      layout_loops_ring, zin_scriptorium, nicolae_overflow_hidden_temple,
          uniq_jessica, uniq_crazy_yiuf_cottage, uniq_robin
D:4:      layout_basic, minmay_manual_mess, uniq_eustachio, uniq_sigmund,
          uniq_duvessa, uniq_ijyb

Skill      XL: |  1  2  3  4  5  6  7 |
---------------+----------------------+-----
Axes           | 2 3 4 5 |  5.6
Fighting       | 4 |  4.7
Armour         | 4 5 |  5.1
Shields        | 4 |  4.2

Action                   |  1- 3 |  4- 6 |  7- 9 || total
-------------------------+-------+-------+-------++-------
Melee: War axe           |   103 |    95 |    36 ||   234
  Use: Scroll            |     8 |     3 |       ||    11
       Potion            |       |     1 |     1 ||     2
Armor: Scale mail        |    63 |    66 |    23 ||   152
Dodge: Dodged            |    38 |    43 |    15 ||    96
Block: Buckler           |    24 |    25 |     6 ||    55

Table legend: (Time is in decaauts)
 A = Elapsed time spent in this place.
 B = Non-inter-level travel time spent in this place.
 C = Inter-level travel time spent in this place.
 D = Time resting spent in this place.
 E = Time spent auto-exploring this place.
 F = Levels seen in this place.
 G = Mean time per level.
                   A        B        C        D        E       F      G
               +--------+--------+--------+--------+--------+-----+--------+
         Total |   4369 |   4244 |    125 |    584 |   2999 |   4 | 1092.2 |
       Dungeon |   4369 |   4244 |    125 |    584 |   2999 |   4 | 1092.2 |
               +--------+--------+--------+--------+--------+-----+--------+

Top non-repeatable levels by time:
     D:3: 1849 daAuts
     D:1: 1066 daAuts
     D:2: 863 daAuts
     D:4: 590 daAuts
